AoeStats
← OsmanGokcheck

Black Forest

507327916Analyzed
3v3 RM · 15d ago on Sep 17, 2026· 72m 18s· 6 players
Game mode
Random Map
Map size
Normal (6 player)
Population
200
Speed
Normal
Resources
Standard
Victory
Conquest
Starting age
Dark Age
Ending age
Imperial Age
RankedLock teamsTeams togetherTeam positionsShared explorationLock speedFull tech treeHidden civsTurbo modeCheats
Victory
Defeat
🇳🇱 Bohemians · Netherlands
1062
+13
🇹🇷 Saracens · Türkiye
1028
+14
🇹🇷 Britons · Türkiye
887
+20
🇺🇸 Spanish · United States
995
-16
🇨🇴 Turks · Colombia
990
-16
🇩🇪 Britons · Germany
979
-15
Theshadow
0:55 Loom
12:01 Feudal Age
16:56 Castle Age
15:25 Double-Bit Axe
17:31 Wheelbarrow
22:22 Fletching
47:01 Horse Collar
49:34 Hand Cart
49:31 Bodkin Arrow
49:37 Padded Archer Armor
51:31 Leather Archer Armor
51:33 Bow Saw
51:07 Crossbowman
56:19 Caravan
WololoJedi
2:34 Loom
9:40 Feudal Age
11:01 Wheelbarrow
10:15 Double-Bit Axe
10:48 Horse Collar
16:20 Padded Archer Armor
16:11 Fletching
17:39 Stone Mining
20:15 Castle Age
20:41 Castle Age
20:22 Gold Mining
22:36 Leather Archer Armor
24:58 Heavy Plow
29:03 Bow Saw
35:38 Imperial Age
34:22 Hand Cart
33:54 Town Watch
34:12 Bodkin Arrow
34:27 Forging
35:08 Gold Shaft Mining
35:11 Bloodlines
35:02 Husbandry
37:33 Bracer
38:25 Forging
38:20 Scale Barding Armor
38:16 Scale Mail Armor
38:47 Ring Archer Armor
38:50 Heavy Camel Rider
41:59 Iron Casting
41:45 Chain Barding Armor
41:40 Chain Mail Armor
42:11 Coinage
41:52 Guilds
42:40 Conscription
42:55 Hoardings
42:54 Fortified Wall
44:30 Blast Furnace
44:34 Banking
45:02 Hoardings
43:57 Sappers
44:37 Caravan
45:50 Town Patrol
47:17 Two-Man Saw
47:03 Heavy Scorpion
47:04 Capped Ram
48:19 Man-at-Arms
48:59 Squires
48:45 Arson
49:33 Plate Mail Armor
49:39 Plate Barding Armor
50:14 Elite Janissary
51:14 Sipahi
50:25 Sappers
gochodg
11:35 Feudal Age
13:15 Double-Bit Axe
15:22 Loom
16:15 Bloodlines
20:26 Castle Age
20:15 Forging
22:58 Horse Collar
24:50 Husbandry
26:33 Fletching
26:43 Padded Archer Armor
30:02 Heavy Plow
30:39 Ballistics
31:31 Bodkin Arrow
31:51 Leather Archer Armor
34:08 Bow Saw
37:24 Imperial Age
35:11 Gold Mining
35:13 Stone Mining
36:39 Wheelbarrow
35:50 Loom
36:26 Inquisition
38:07 Bracer
38:37 Ring Archer Armor
39:12 Chemistry
39:17 Hand Cart
38:49 Elite Conquistador
40:35 Onager
44:39 Supremacy
45:36 Masonry
46:37 Stone Shaft Mining
50:25 Two-Man Saw
mulgezen
0:39 Loom
13:05 Feudal Age
14:28 Wheelbarrow
13:43 Double-Bit Axe
14:23 Stone Mining
14:51 Horse Collar
15:05 Gold Mining
15:54 Arson
23:09 Castle Age
21:52 Scale Mail Armor
22:03 Forging
22:02 Padded Archer Armor
22:08 Fletching
24:08 Hand Cart
24:06 Bow Saw
24:54 Gold Shaft Mining
25:13 Caravan
27:18 Heavy Plow
28:09 Iron Casting
27:50 Chain Mail Armor
27:41 Squires
27:29 Pikeman
30:31 Leather Archer Armor
30:11 Bodkin Arrow
34:50 Ballistics
37:20 Imperial Age
34:43 Town Watch
39:07 Two-Man Saw
37:38 Elite Longbowman
38:38 Conscription
38:42 Yeomen
37:49 Halberdier
41:12 Town Patrol
43:19 Ring Archer Armor
42:50 Bracer
43:51 Blast Furnace
49:37 Chemistry
49:26 Plate Mail Armor
50:56 Warwolf
51:37 Siege Engineers
61:33 Hoardings
TuskedPrism59
4:10 Loom
11:17 Feudal Age
15:22 Castle Age
13:54 Double-Bit Axe
14:27 Horse Collar
17:28 Wheelbarrow
22:11 Heavy Plow
24:25 Hand Cart
25:38 Bow Saw
29:01 Ballistics
30:29 Wagenburg Tactics
33:01 Imperial Age
31:08 Husbandry
33:32 Chemistry
33:04 Cavalier
34:02 Forging
33:58 Scale Barding Armor
35:34 Iron Casting
37:16 Chain Barding Armor
38:16 Elite Hussite Wagon
39:01 Light Cavalry
39:55 Houfnice
41:44 Blast Furnace
42:08 Onager
44:41 Bombard Tower
44:33 Fortified Wall
44:07 Man-at-Arms
44:48 Squires
46:10 Scale Mail Armor
46:01 Fletching
46:40 Long Swordsman
46:41 Pikeman
48:44 Elite Hussite Wagon
49:33 Hussite Reforms
52:08 Halberdier
OsmanGokcheck
8:54 Feudal Age
9:29 Double-Bit Axe
14:29 Fletching
20:16 Castle Age
19:10 Gold Mining
20:23 Crossbowman
20:58 Bodkin Arrow
23:24 Ballistics
23:59 Padded Archer Armor
24:29 Thumb Ring
25:04 Horse Collar
27:39 Heavy Plow
27:52 Bow Saw
30:39 Wheelbarrow
34:11 Imperial Age
33:06 Leather Archer Armor
33:55 Gold Shaft Mining
33:10 Loom
34:25 Arbalester
35:47 Bracer
36:45 Hand Cart
37:58 Chemistry
38:21 Ring Archer Armor
40:39 Stone Mining
41:54 Two-Man Saw
40:54 Treadmill Crane
41:21 Scale Barding Armor
41:26 Forging
41:16 Town Watch
42:21 Block Printing
42:18 Redemption
42:32 Sanctity
42:39 Illumination
42:36 Chain Barding Armor
42:38 Heavy Camel Rider
43:18 Husbandry
43:29 Bloodlines
44:07 Iron Casting
44:13 Masonry
45:57 Plate Barding Armor
46:22 Blast Furnace
45:58 Siege Engineers
46:20 Atonement
46:33 Fervor
47:00 Theocracy
47:22 Conscription
47:13 Counterweights
52:23 Hoardings
54:12 Bimaristan
55:07 Coinage
61:52 Caravan
62:23 Banking
62:05 Onager
64:28 Siege Onager
70:04 Town Patrol
69:43 Light Cavalry
70:25 Scale Mail Armor
70:00 Capped Ram
70:37 Murder Holes
70:53 Fortified Wall
70:33 Guard Tower
70:50 Devotion
70:51 Atonement
70:21 Elite Skirmisher
Connection lost

Rejoining the realm…

Still unreachable

The connection could not be restored.

Session expired

The server has moved on; the page needs a fresh start.